 Dungeon Crawl Stone Soup version 0.30-a0-626-gd6a5dd7a1f (webtiles) character file.

Game seed: 9431400276204502082

854 BaabKaare the Chopper (level 8, -1/60 HPs)
             Began as a Human Fighter on Jan 11, 2023.
             Succumbed to a scorpion's poison
             ... on level 5 of the Dungeon.
             The game lasted 00:16:19 (4849 turns).

BaabKaare the Chopper (Human Fighter)               Turns: 4849, Time: 00:16:20

Health: -1/60      AC:  8    Str: 19    XL:     8   Next: 21%
Magic:  11/11      EV:  9    Int:  8    God:
Gold:   236        SH:  5    Dex: 13    Spells: 4/12 levels left

rFire   . . .      SeeInvis .    a - +0 war axe
rCold   . . .      Faith    .    c - +0 buckler
rNeg    . . .      Spirit   .    b - +0 scale mail
rPois   .          Reflect  .    (no helmet)
rElec   .          Harm     .    (no cloak)
rCorr   .          Rampage  .    n - +0 pair of gloves
Will    .....                    (no boots) Stlth
                                 m - amulet of magic regeneration
HPRegen 0.30/turn                (no ring)
MPRegen 0.52/turn                (no ring)

@: mighty, lethally poisoned (-1 -> -21), hasted (expiring), invisible, very
quick
A: no striking features
a: no special abilities


You were on level 5 of the Dungeon.
You visited 1 branch of the dungeon, and saw 5 of its levels.

You collected 236 gold pieces.

Inventory:

Hand Weapons
 a - a +0 war axe (weapon)
 s - a +1 heavy falchion
Missiles
 k - 2 throwing nets (quivered)
Armour
 b - a +0 scale mail (worn)
 c - a +0 buckler (worn)
 n - a +0 pair of gloves (worn)
Jewellery
 f - a ring of ice
 m - an amulet of magic regeneration (around neck)
Wands
 t - a wand of roots (12)
Scrolls
 j - a scroll of enchant weapon {unknown}
 l - 2 scrolls of poison {unknown}
 r - 5 scrolls of teleportation {unknown}
 v - a scroll of immolation {unknown}
 w - a scroll of torment {unknown}
 x - 2 scrolls of blinking {unknown}
 y - a scroll of vulnerability {unknown}
 A - a scroll of magic mapping {unknown}
 C - a scroll of silence {unknown}
Potions
 d - 2 potions of might
 e - 2 potions of attraction
 h - a potion of flight {unknown}
 o - a potion of lignification
 p - 3 potions of mutation
 q - 4 potions of curing
 z - a potion of degeneration {unknown}
 B - a potion of cancellation {unknown}


   Skills:
 + Level 4.0 Fighting
 + Level 5.4 Axes
 + Level 4.9 Armour
 + Level 1.5 Dodging
 + Level 3.4 Shields
 + Level 2.5 Spellcasting
 * Level 2.4 Transmutations
 + Level 1.0 Poison Magic


You had 4 spell levels left.
You knew the following spells:

 Your Spells              Type           Power      Damage    Failure   Level
a - Sting                 Tmut/Pois      12%        1d3       52%         1
b - Dragon Form           Tmut           2%         N/A       100%        7

Your spell library contained the following spells:

 Spells                   Type           Power      Damage    Failure   Level
 Magic Dart               Conj           4%         1d3       77%         1
 Poisonous Vapours        Pois/Air       2%         N/A       83%         2
 Call Imp                 Summ           1%         N/A       88%         2
 Mephitic Cloud           Conj/Pois/Air  1%         N/A       97%         3
 Ozocubu's Armour         Ice            1%         N/A       98%         3
 Olgreb's Toxic Radiance  Pois           2%         N/A       100%        4
 Blade Hands              Tmut           2%         N/A       100%        5
 Irradiate                Conj/Tmut      1%         3d12      100%        5
 Ozocubu's Refrigeration  Ice            0%         4d7       100%        7


Dungeon Overview and Level Annotations

Branches:
Dungeon (5/15)
 Temple: D:4-7

Altars:


Message History

The orc wizard shouts!
You hear a shout!
The gnoll is no longer moving quickly.
You block the gnoll's attack.
You hit the gnoll but do no damage.
The gnoll is heavily wounded.
The gnoll hits you with a +0 whip.
* * * LOW HITPOINT WARNING * * *
You barely miss the gnoll.
The gnoll is heavily wounded.
The gnoll hits you with a +0 whip.
* * * LOW HITPOINT WARNING * * *
You hit the gnoll.
The gnoll is heavily wounded.
You block the gnoll's attack.
You feel very mighty all of a sudden.
You slash the gnoll!
You kill the gnoll!
The gnoll bouda barely misses you.
Things that are here:
a +0 whip; a gnoll corpse You catch the helpless gnoll bouda completely off-guard!
You slice the gnoll bouda!!
You kill the gnoll bouda!
You slash the gnoll!
You kill the gnoll!
Items here: )) [ †.
You closely miss the scorpion. The scorpion stings you.
* * * LOW HITPOINT WARNING * * *
You are poisoned.
The scorpion poisons you!
You barely miss the scorpion.
* * * LOW HITPOINT WARNING * * *
You feel sick. The scorpion stings you.
* * * LOW HITPOINT WARNING * * *
You are more poisoned.
The scorpion poisons you!
You slice the scorpion!!
You kill the scorpion!
Your extra speed is starting to run out.
You die...

#. #o #. ..#.##..
........######
#.#.###.)....###
#..........$.^.#
#.########†..>.##
##.#######.......#
#....@)...)†.....#
#..#######.......#
##..### ##>....##
#.....# ##...##
#P..#.# ##.##
##..#.## #g#
#.....# #.#
#..#.g#######)#
##..#.....g.g..#


There were no monsters in sight!

Vanquished Creatures
  Sigmund (D:3)
  Eustachio (D:5)
  A phantom (D:5)
  2 scorpions
  A howler monkey (D:5)
  2 hounds (D:5)
  A gnoll bouda (D:5)
  2 orc priests (D:5)
  Terence (D:2)
  Robin (D:3)
  6 adders
  4 gnolls (D:5)
  A worm (D:4)
  5 dart slugs
  9 orcs
  8 ball pythons
  8 endoplasms
  2 giant cockroaches
  11 goblins
  7 hobgoblins
  6 jackals (D:1)
  4 quokkas
  4 bats
  5 frilled lizards
  7 kobolds
  A rat (D:2)
101 creatures vanquished.

Vanquished Creatures (others)
  3 plants (D:5)
3 creatures vanquished.

Grand Total: 104 creatures vanquished

Notes
Turn   | Place    | Note
-------+----------+-------------------------------------------
     0 | D:1      | BaabKaare the Human Fighter began the quest for the Orb.
     0 | D:1      | Reached XP level 1. HP: 18/18 MP: 1/1
   210 | D:1      | Reached XP level 2. HP: 24/24 MP: 2/2
   317 | D:2      | Reached XP level 3. HP: 14/29 MP: 3/3
  1194 | D:2      | Noticed Terence
  1203 | D:2      | Killed Terence
  1204 | D:2      | Reached skill level 3 in Axes
  1204 | D:2      | Reached XP level 4. HP: 21/35 MP: 4/4
  1522 | D:2      | Found a faded altar of an unknown god.
  1853 | D:2      | Reached XP level 5. HP: 33/41 MP: 6/6
  2187 | D:3      | Reached skill level 1 in Spellcasting
  2411 | D:5      | Entered Level 5 of the Dungeon
  2702 | D:4      | Reached XP level 6. HP: 45/47 MP: 8/8
  2756 | D:4      | Reached skill level 4 in Axes
  3158 | D:3      | Noticed Sigmund
  3169 | D:3      | Killed Sigmund
  3170 | D:3      | Reached skill level 1 in Dodging
  3170 | D:3      | Reached XP level 7. HP: 32/53 MP: 8/10
  3364 | D:3      | Learned a level 1 spell: Sting
  3372 | D:3      | Learned a level 7 spell: Dragon Form
  3457 | D:3      | Noticed Robin
  3472 | D:3      | Killed Robin
  4619 | D:5      | Reached skill level 5 in Axes
  4619 | D:5      | Reached skill level 1 in Transmutations
  4651 | D:5      | Noticed Eustachio
  4687 | D:5      | Killed Eustachio
  4688 | D:5      | Reached skill level 1 in Poison Magic
  4777 | D:5      | Reached XP level 8. HP: 55/60 MP: 11/11
  4799 | D:5      | HP: 2/60 [gnoll bouda/+0 club (6)]
  4849 | D:5      | Succumbed to a scorpion's poison

Illustrated notes

Levels and vault maps discovered:
D:1:      dpeg_arrival_three_same_balls, layout_basic, serial_bayou_ford_a
D:2:      layout_loops_ring, ebering_ecumenical_altar_sacrificial,
          minmay_diced_spiral, uniq_terence
D:3:      layout_basic, minmay_fractal_squares_diagonal_5, uniq_robin,
          uniq_sigmund
D:4:      layout_basic, palyth_stone_intersect, nicolae_underground_beach
D:5:      corexii_shantytown, layout_loops_ring, minmay_temple_entry_offerings,
          uniq_eustachio

Skill      XL: |  1  2  3  4  5  6  7  8 |
---------------+-------------------------+-----
Axes           | 3 4 5 |  5.4
Spellcasting   | 1 2 |  2.5
Armour         | 4 |  4.9
Dodging        | 1 |  1.5
Transmutations | 1 2 |  2.4
Poison Magic   | 1 |  1.0
Fighting       | 4 |  4.0
Shields        | |  3.4

Action                   |  1- 3 |  4- 6 |  7- 9 || total
-------------------------+-------+-------+-------++-------
Melee: War axe           |    91 |   108 |   131 ||   330
 Cast: Sting             |       |       |     5 ||     5
  Use: Scroll            |       |     7 |       ||     7
       Potion            |       |     1 |     5 ||     6
 Stab: Invisible         |       |       |     2 ||     2
Armor: Scale mail        |    61 |    40 |    64 ||   165
Dodge: Dodged            |    53 |    46 |    80 ||   179
Block: Buckler           |    26 |    15 |    41 ||    82

Table legend: (Time is in decaauts)
 A = Elapsed time spent in this place.
 B = Non-inter-level travel time spent in this place.
 C = Inter-level travel time spent in this place.
 D = Time resting spent in this place.
 E = Time spent auto-exploring this place.
 F = Levels seen in this place.
 G = Mean time per level.
                   A        B        C        D        E       F      G
               +--------+--------+--------+--------+--------+-----+--------+
         Total |   4965 |   4799 |    166 |   1455 |   1837 |   5 |  993.0 |
       Dungeon |   4965 |   4799 |    166 |   1455 |   1837 |   5 |  993.0 |
               +--------+--------+--------+--------+--------+-----+--------+

Top non-repeatable levels by time:
     D:4: 1652 daAuts
     D:2: 1140 daAuts
     D:1: 945 daAuts
     D:3: 917 daAuts
     D:5: 309 daAuts
